Map: Korhal Carnage Knockout LE

Players

capac - Winner!

  • Race: Terran Terran
  • League: Gold

A.I. 1 (Elite)

  • Race: Protoss Protoss

VOD

Have the link to the VOD?

Description

Time

  • Played on: May 5, 2016, 12:56 p.m.
  • Length: 17:12
Show
View Real Time Build Order
Export as new Build Order

capac Terran - Winner!

Build Orders: Reaper Expand, Bio Tank 

Get SALT Encoding   

  12  0:01  SCV  
  13  0:13  SCV  
  14  0:17  Supply Depot  
  14  0:25  SCV  
  15  0:39  SCV  
  15  0:40  Barracks  
  16  0:46  Refinery  
  16  0:51  SCV  
  17  1:03  SCV  
  18  1:15  SCV  
  19  1:28  Orbital Command  
  19  1:33  Reaper  
  20  1:45  Command Center  
  20  1:53  Supply Depot  
  20  1:54  SCV  
  21  2:05  Marine  
  21  2:06  SCV  
  23  2:13  Factory  
  23  2:16  Refinery  
  23  2:18  SCV  
  24  2:29  Barracks Reactor  
  24  2:31  Barracks  
  24  2:33  SCV  
  25  2:45  SCV  
  26  2:57  SCV  
  27  2:58  Factory Tech Lab  
  27  3:04  Orbital Command  
  27  3:08  Marine x2  
  27  3:11  SCV  
  30  3:23  SCV  
  30  3:24  Siege Tank  
  30  3:25  Starport  
  34  3:30  Barracks Tech Lab  
  34  3:31  Marine x2  
  34  3:32  SCV  
  37  3:44  SCV  
  37  3:45  Barracks, SCV  
  39  3:50  Marine  
  39  3:51  Marine x2  
  42  3:56  Supply Depot  
  42  4:03  SCV x2  
  42  4:05  Medivac  
  42  4:06  Supply Depot  
  42  4:09  Stimpack  
  46  4:17  Marine x3  
  46  4:22  SCV x2  
  51  4:27  Siege Tank  
  51  4:29  Supply Depot  
  54  4:33  Refinery x2  
  54  4:34  SCV x2  
  56  4:40  Barracks, Starport Reactor  
  56  4:46  SCV x2  
  56  4:51  Marine x3  
  61  4:54  Barracks Reactor  
  61  5:09  SCV x2  
  61  5:11  Siege Tank  
  66  5:15  Marine x2  
  66  5:16  Marine  
  69  5:22  Supply Depot, SCV  
  69  5:27  Barracks  
  70  5:33  SCV, Medivac x2  
  75  5:39  SCV  
  75  5:42  Marine  
  76  5:43  Marine x3  
  76  5:45  Barracks Reactor  
  76  5:46  Marine  
  81  5:50  Supply Depot  
  81  5:54  Supply Depot  
  81  5:57  SCV x2  
  81  5:59  Siege Tank  
  86  6:11  Marine x4, Medivac x2  
  86  6:15  Supply Depot  
  86  6:16  Marine, Barracks Reactor  
  86  6:17  Combat Shields  
  95  6:28  Engineering Bay  
  95  6:30  Engineering Bay  
  95  6:36  Marine x3  
  95  6:37  Marine x4  
  102  6:45  Barracks  
  102  6:47  Supply Depot  
  102  6:55  Marine x4  
  102  6:56  Marine x3  
  102  6:57  Marine  
  110  7:05  Liberator  
  110  7:07  Liberator  
  110  7:13  Supply Depot  
  110  7:19  Command Center  
  116  7:37  Supply Depot  
  116  7:40  Siege Tank  
  119  7:54  Liberator x2  
  105  8:14  Supply Depot  
  105  8:17  Terran Infantry Weapons Level 1  
  105  8:18  Terran Infantry Armor Level 1  
  105  8:19  Marine x2, Siege Tank  
  109  8:20  Marine x5  
  109  8:21  Marauder, Marine  
  120  8:34  SCV x2  
  120  8:37  Marine x3  
  120  8:38  Marine x4  
  120  8:39  Marine  
  128  8:42  Marauder  
  128  8:47  Supply Depot, Starport, Armory  
  130  8:49  SCV x2  
  130  8:53  Siege Tank  
  130  8:54  Medivac x2  
  139  9:03  SCV x2  
  141  9:10  Supply Depot  
  141  9:14  Orbital Command  
  115  9:35  Starport Reactor, Medivac x2  
  119  9:40  Marine x5  
  119  9:41  Marine x2  
  119  9:42  Marauder  
  119  9:44  Terran Ship Weapons Level 1  
  119  9:45  Supply Depot  
  128  9:46  Supply Depot  
  128  9:50  SCV x2  
  128  9:51  SCV  
  131  9:53  Siege Tank  
  134  10:02  SCV  
  135  10:07  Medivac x2  
  139  10:14  Medivac x2  
  143  10:25  Refinery  
  143  10:37  Refinery  
  143  10:39  Marine x2  
  143  10:40  Marine x5  
  143  10:41  Marauder, Marine  
  153  10:45  Medivac x3  
  153  10:46  Medivac  
  161  10:57  Marine x3  
  161  10:58  Marine x4  
  161  10:59  Marine  
  161  11:02  Marauder  
  171  11:12  Liberator x3  
  171  11:16  Liberator  
  183  11:56  Terran Infantry Weapons Level 2  
  183  11:57  Terran Infantry Armor Level 2  
  161  12:31  Liberator  
  161  12:32  Liberator x3  
  173  12:55  Marine x5  
  173  12:56  Marine x4  
  182  13:03  Command Center  
  173  13:13  Marine x5  
  155  13:28  Liberator x4  
  152  13:40  Marine  
  152  13:41  Marine x8  
  171  13:58  Marine  
  171  13:59  Marine x8  
  179  14:10  Liberator  
  179  14:11  Liberator x2  
  179  14:16  Marine  
  179  14:17  Marine x8  
  187  14:28  Medivac  
  198  14:34  Marine x2  
  199  16:28  Marine  
Show
View Real Time Build Order
Export as new Build Order

A.I. 1 (Elite) Protoss 

Build Orders: Zealot Archon 

Get SALT Encoding   

  12  0:01  Probe (Chrono Boost)  
  13  0:11  Probe (Chrono Boost)  
  14  0:19  Pylon  
  14  0:22  Probe (Chrono Boost)  
  15  0:38  Probe (Chrono Boost)  
  16  0:47  Assimilator  
  16  0:48  Probe (Chrono Boost)  
  16  0:49  Gateway  
  17  0:59  Probe (Chrono Boost)  
  17  1:00  Pylon  
  18  1:09  Probe (Chrono Boost)  
  19  1:20  Probe (Chrono Boost)  
  20  1:31  Probe (Chrono Boost)  
  21  1:35  Zealot  
  21  1:39  Cybernetics Core  
  23  1:42  Probe (Chrono Boost)  
  24  1:53  Probe (Chrono Boost)  
  25  1:59  Nexus  
  25  2:11  Gateway  
  25  2:18  Pylon  
  25  2:21  Zealot  
  25  2:22  Warp Gate  
  25  2:27  Probe (Chrono Boost)  
  28  2:38  Probe (Chrono Boost), Assimilator  
  29  2:47  Adept  
  29  2:50  Probe (Chrono Boost)  
  32  2:55  Adept  
  34  3:02  Probe (Chrono Boost), Pylon  
  35  3:12  Adept  
  35  3:14  Probe (Chrono Boost)  
  38  3:22  Sentry  
  38  3:26  Probe (Chrono Boost)  
  41  3:29  Probe (Chrono Boost)  
  42  3:37  Probe (Chrono Boost), Stalker  
  42  3:40  Probe (Chrono Boost)  
  46  3:45  Robotics Facility  
  47  3:49  Probe (Chrono Boost)  
  47  3:51  Adept  
  47  3:52  Probe (Chrono Boost)  
  50  4:01  Probe (Chrono Boost)  
  52  4:03  Probe (Chrono Boost)  
  52  4:05  Adept  
  54  4:12  Probe (Chrono Boost)  
  54  4:13  Pylon  
  54  4:15  Probe (Chrono Boost)  
  56  4:23  Probe (Chrono Boost)  
  57  4:26  Probe (Chrono Boost)  
  57  4:30  Immortal  
  57  4:31  Stalker  
  60  4:33  Pylon  
  60  4:35  Probe (Chrono Boost)  
  60  4:37  Probe (Chrono Boost)  
  66  4:40  Stalker  
  69  4:46  Probe (Chrono Boost)  
  69  4:49  Probe (Chrono Boost)  
  69  4:50  Robotics Facility  
  70  4:53  Stalker  
  72  5:03  Probe (Chrono Boost)  
  72  5:05  Probe (Chrono Boost), Immortal  
  74  5:09  Pylon  
  74  5:13  Pylon  
  78  5:25  Assimilator  
  78  5:28  Twilight Council  
  78  5:29  Probe (Chrono Boost)  
  78  5:30  Probe (Chrono Boost), Gateway  
  80  5:37  Assimilator  
  80  5:48  Pylon  
  80  5:49  Probe x2 (Chrono Boost)  
  82  5:54  Zealot  
  84  6:00  Probe (Chrono Boost)  
  84  6:01  Probe (Chrono Boost)  
  86  6:09  Templar Archives  
  87  6:11  Probe (Chrono Boost)  
  87  6:15  Forge  
  87  6:19  Pylon  
  87  6:23  Forge  
  87  6:28  Stalker  
  87  6:29  Pylon  
  89  6:32  Stalker  
  89  6:37  Stalker  
  93  6:40  Nexus, Gateway  
  93  6:48  High Templar  
  93  6:53  High Templar, Protoss Ground Weapons Level 1  
  97  6:58  Photon Cannon, Stalker  
  99  7:02  Pylon  
  99  7:07  Archon  
  99  7:19  High Templar x2  
  103  7:23  Photon Cannon  
  103  7:26  Archon, Photon Cannon  
  103  7:28  Zealot  
  105  7:34  High Templar, Warp Prism  
  109  7:41  Pylon  
  109  7:47  Sentry  
  109  7:49  Archon, Warp Prism  
  111  7:53  Probe (Chrono Boost)  
  111  7:54  Probe x2 (Chrono Boost)  
  111  7:58  High Templar, Zealot  
  119  8:05  Probe (Chrono Boost), Zealot  
  120  8:06  Probe x2 (Chrono Boost)  
  120  8:09  Zealot  
  120  8:10  Observer  
  120  8:11  Archon  
  123  8:16  Probe (Chrono Boost)  
  123  8:18  Probe x2 (Chrono Boost)  
  123  8:19  High Templar  
  128  8:22  Nexus, Pylon  
  128  8:23  Assimilator  
  128  8:25  Assimilator  
  129  8:27  Probe (Chrono Boost)  
  129  8:29  Probe (Chrono Boost)  
  129  8:30  Probe (Chrono Boost)  
  129  8:33  High Templar  
  133  8:39  Probe (Chrono Boost)  
  134  8:43  Psionic Storm  
  134  8:44  Photon Cannon  
  134  8:47  Probe x2 (Chrono Boost)  
  136  8:48  Protoss Ground Armor Level 1  
  136  8:50  Probe (Chrono Boost)  
  137  8:56  Pylon  
  137  8:59  Probe x2 (Chrono Boost)  
  137  9:00  Stalker  
  141  9:04  Stalker  
  141  9:07  Stalker  
  145  9:10  Stalker  
  145  9:15  Immortal  
  147  9:19  Pylon  
  147  9:22  Zealot  
  117  9:26  Zealot  
  117  9:29  Zealot  
  99  9:32  Zealot  
  99  9:36  Probe (Chrono Boost)  
  99  9:37  Probe (Chrono Boost)  
  103  9:41  Zealot  
  103  9:42  Assimilator  
  105  9:45  Stalker  
  105  9:47  High Templar  
  105  9:49  Assimilator  
  105  9:50  High Templar  
  105  9:51  Probe (Chrono Boost)  
  105  9:52  Immortal  
  115  10:00  Sentry  
  115  10:03  Archon  
  117  10:07  Sentry  
  119  10:17  High Templar  
  119  10:20  Stalker  
  123  10:21  Adept  
  123  10:24  Immortal  
  123  10:28  Zealot  
  131  10:29  Immortal  
  131  10:34  Photon Cannon  
  135  10:38  Photon Cannon  
  135  10:39  Pylon  
  135  10:40  High Templar  
  137  10:42  Stargate  
  137  10:52  Stalker, Adept x2  
  137  10:53  Archon  
  137  10:56  Photon Cannon  
  143  10:59  Immortal  
  143  11:01  Photon Cannon  
  143  11:04  Photon Cannon  
  147  11:08  Pylon  
  147  11:10  High Templar, Stalker x2  
  153  11:12  High Templar  
  155  11:19  Archon  
  155  11:27  Phoenix  
  155  11:30  High Templar  
  155  11:31  Sentry  
  155  11:32  Photon Cannon, Observer  
  161  11:37  Observer  
  161  11:39  Photon Cannon, Stalker  
  165  11:42  High Templar  
  165  11:45  Photon Cannon  
  165  11:46  Photon Cannon  
  167  11:48  Nexus  
  167  11:49  Phoenix  
  167  11:53  Stalker  
  171  12:00  Stalker  
  173  12:05  Zealot  
  169  12:11  Phoenix  
  169  12:12  Adept  
  169  12:14  Stalker  
  149  12:21  Adept  
  149  12:22  Zealot  
  137  12:29  Zealot  
  123  12:34  Phoenix, Stalker  
  123  12:35  Immortal  
  111  12:38  Zealot  
  111  12:40  Stalker  
  111  12:43  Immortal  
  119  12:48  Stalker  
  125  12:55  Sentry  
  125  12:57  Phoenix, Sentry  
  129  13:01  Zealot  
  133  13:07  Assimilator  
  133  13:09  Zealot  
  133  13:10  Immortal  
  133  13:11  Assimilator  
  127  13:16  Zealot  
  127  13:18  Immortal, Stalker  
  127  13:19  High Templar  
  101  13:28  Zealot  
  99  13:34  Zealot  
  99  13:38  Adept  
  99  13:45  Zealot  
  99  13:46  Immortal  
  101  13:48  Sentry  
  101  13:52  High Templar  
  101  13:53  Phoenix  
  101  13:54  Immortal  
  109  13:56  Zealot  
  115  14:04  Zealot  
  115  14:09  Stalker  
  111  14:14  Stalker  
  111  14:15  Probe (Chrono Boost)  
  101  14:18  Probe (Chrono Boost)  
  101  14:19  Probe (Chrono Boost)  
  101  14:21  Probe (Chrono Boost), Zealot  
  101  14:23  Stalker  
  89  14:27  Probe (Chrono Boost)  
  89  14:29  Probe (Chrono Boost)  
  89  14:31  Sentry  
  95  14:32  Probe (Chrono Boost)  
  95  14:33  Probe (Chrono Boost)  
  95  14:36  Stalker  
  79  14:40  Adept  
  79  14:44  Stalker  
  71  14:50  Probe (Chrono Boost)  
  71  14:52  High Templar  
  72  14:57  Sentry  
  72  14:58  Zealot  
  66  15:02  Probe (Chrono Boost)  
  66  15:03  Probe x3 (Chrono Boost)  
  66  15:05  Adept  
  64  15:12  Cybernetics Core  
  64  15:13  Probe (Chrono Boost)  
  64  15:16  Probe (Chrono Boost), Zealot  
  64  15:17  Probe (Chrono Boost)  
  64  15:20  Probe (Chrono Boost)  
  60  15:22  High Templar  
  60  15:24  High Templar  
  60  15:28  Probe x2 (Chrono Boost)  
  62  15:32  Probe (Chrono Boost)  
  62  15:35  Zealot  
  60  15:39  Probe (Chrono Boost)  
  60  15:43  Probe (Chrono Boost)  
  60  15:49  Probe (Chrono Boost)  
  56  15:56  Pylon  
  54  15:59  Probe (Chrono Boost)  
  54  16:00  Probe (Chrono Boost)  
  55  16:10  Probe (Chrono Boost)  
  56  16:17  Probe (Chrono Boost)  
  50  16:38  Pylon  
  46  16:45  Pylon  
Tags
 
Add a new tag
Caveats
  • Supply blocks, unpowered buildings, or Contaminate may cause inaccurate times.
  • Supply counts are checked every 10 seconds.